 Dungeon Crawl Stone Soup version 0.25.0-11-g1f837a76a1 (webtiles) character file.

Game seed: 11627272417142861107

631 xccam the Cudgeler (level 7, -3/40 HPs)
             Began as a Tengu Warper on June 26, 2020.
             Killed by nerve-wracking pain
             ... invoked by a shadow imp
              (7 damage)
             ... on level 5 of the Dungeon.
             The game lasted 00:06:16 (4828 turns).

xccam the Cudgeler (Tengu Warper)                   Turns: 4828, Time: 00:06:17

Health: -3/40      AC:  4    Str: 13    XL:     7   Next: 48%
Magic:  11/11      EV: 15    Int: 13    God:
Gold:   486        SH:  7    Dex: 14    Spells: 10/10 levels left

rFire    + . .     SeeInvis .   a - +0 mace
rCold    . . .     Gourm    .   c - +2 buckler
rNeg     . . .     Faith    .   b - +0 leather armour
rPois    .         Spirit   .   (helmet restricted)
rElec    .         Reflect  .   g - +0 cloak
rCorr    .         Harm     .   (no gloves)
MR       .....                  (boots unavailable)
Stlth    +.........             (no amulet)
HPRegen  0.13/turn              (no ring)
MPRegen  0.12/turn              o - ring of protection from fire

@: lethally poisoned (-3 -> -4), berserk cooldown, flying quickly and evasively,
slowed, very slow
A: beak, talons 3, able to fly
a: Stop Flying


You were on level 5 of the Dungeon.
You were not hungry.

You visited 1 branch of the dungeon, and saw 5 of its levels.
You also visited: Ossuary.

You collected 486 gold pieces.

Inventory:

Hand Weapons
 a - a +0 mace (weapon)
Missiles
 e - 5 boomerangs of dispersal (quivered)
 s - 9 boomerangs
Armour
 b - a +0 leather armour (worn)
 c - a +2 buckler (worn)
 g - a +0 cloak (worn)
Jewellery
 o - a ring of protection from fire (right hand)
Wands
 r - a wand of iceblast (10)
Scrolls
 d - 2 scrolls of blinking
 i - 3 scrolls of remove curse
 p - a scroll of immolation
 u - a scroll of fear
 w - a scroll of random uselessness
 x - 2 scrolls of magic mapping {unknown}
Potions
 h - a potion of stabbing
 k - a potion of cancellation
 l - 4 potions of brilliance
 n - 2 potions of degeneration
 q - a potion of might
 t - 2 potions of haste
 v - a potion of curing
Comestibles
 f - 6 rations


   Skills:
 - Level 2.3 Fighting
 + Level 6.0 Maces & Flails
 - Level 1.5 Throwing
 + Level 1.5 Armour
 + Level 2.6 Dodging
 - Level 5.0 Shields
 - Level 2.3 Spellcasting
   Level 2.4 Translocations


You had 10 spell levels left.
You didn't know any spells.
Your spell library contained the following spells:

 Spells                   Type           Power        Failure   Level  Hunger
 Blink                    Tloc           N/A          19%         2    ###....
 Shroud of Golubria       Chrm/Tloc      #.....       28%         2    ###....
 Gell's Gravitas          Tloc           #.........   34%         3    ###....
 Lesser Beckoning         Tloc           #.........   34%         3    ###....
 Teleport Other           Tloc           #.......     34%         3    ###....
 Passage of Golubria      Tloc           N/A          75%         4    #####..


Dungeon Overview and Level Annotations

Branches:
Dungeon (5/15)            Ossuary (visited)
 Temple: D:4-7

Altars:
Ashenzari
Cheibriados
Gozag
Sif Muna
Vehumet
Zin


Innate Abilities, Weirdness & Mutations

You have a beak for a mouth.
You have claws for feet.
You can fly continuously.


Message History

You block the hound's attack. The hound barely misses you.
You closely miss the hound. Your kick misses the hound. You peck the hound.
You kill the hound!
Training target 5.0 for Shields reached!
Your Shields skill increases to level 5!
You need to enable at least one skill for training.
You feel sick.
You start resting.
You feel a strong urge to attack something.
You feel sick.
You start resting.
You are no longer berserk.
You are exhausted.
You feel yourself slow down.
You start resting.
You feel sick. x7
A shadow imp comes into view.
The shadow imp shouts!
The shadow imp gestures at you. Pain shoots through your body!
You die...

#.# #.# ###.####### #
#.......... .## #<## #..
#..## .5# .
.####..#############..#...
............#...........#.
#####.....#.....@.†.......
#........####.###.....
#.....#### ...# ###
####### #.#### .. .. .


You could see a shadow imp.

Vanquished Creatures
  Sigmund (D:4)
  A phantom (D:4)
  A scorpion (D:5)
  A crimson imp (D:5)
  A hound (D:5)
  A bullfrog skeleton (D:4)
  8 mummies (Ossuary)
  8 adders
  A shadow imp (D:5)
  An ooze (D:3)
  A worm (D:3)
  2 dart slugs
  2 leopard geckos
  3 giant cockroaches
  A gnoll zombie (Ossuary)
  6 goblins
  6 hobgoblins
  8 jackals
  3 kobolds
  A quokka (D:4)
  7 bats
  7 frilled lizards
  A jackal skeleton (D:2)
  5 kobold zombies (Ossuary)
  2 orc zombies (Ossuary)
  A rat (D:1)
80 creatures vanquished.

Notes
Turn   | Place    | Note
-------+----------+-------------------------------------------
     0 | D:1      | xccam the Tengu Warper began the quest for the Orb.
     0 | D:1      | Reached XP level 1. HP: 12/12 MP: 4/4
     2 | D:1      | Noticed a dwarf
     2 | D:1      | Noticed a dwarf
     5 | D:1      | Noticed an ogre
     7 | D:1      | Noticed a human
     8 | D:1      | Noticed a felid
    10 | D:1      | Noticed a dwarf
    10 | D:1      | Noticed a formicid
    12 | D:1      | Noticed an octopode
    16 | D:1      | Noticed a centaur
    16 | D:1      | Noticed an elf
    16 | D:1      | Noticed a draconian
    20 | D:1      | Noticed an elf
   332 | D:1      | Reached XP level 2. HP: 17/17 MP: 6/6
   875 | D:2      | Reached XP level 3. HP: 14/21 MP: 7/7
  1114 | D:2      | Found a snail-covered altar of Cheibriados.
  1387 | D:2      | Reached skill level 3 in Maces & Flails
  1418 | D:2      | Reached XP level 4. HP: 26/26 MP: 8/8
  1541 | D:2      | Reached skill level 1 in Shields
  1747 | D:2      | Found a shattered altar of Ashenzari.
  1761 | D:2      | Found a radiant altar of Vehumet.
  1858 | D:2      | Found an opulent altar of Gozag.
  2433 | D:3      | Found a glowing silver altar of Zin.
  2456 | D:3      | Gained mutation: You can fly continuously. [Tengu growth]
  2456 | D:3      | Reached XP level 5. HP: 30/30 MP: 9/9
  2641 | D:3      | Found a shimmering blue altar of Sif Muna.
  2893 | D:4      | Noticed Sigmund
  2896 | D:4      | Killed Sigmund
  2896 | D:4      | Reached skill level 4 in Maces & Flails
  2896 | D:4      | Reached XP level 6. HP: 35/35 MP: 10/10
  3064 | D:4      | Noticed a phantom
  3080 | D:4      | Killed a phantom
  3080 | D:4      | Reached skill level 5 in Maces & Flails
  3082 | D:4      | Found a sand-covered staircase.
  3091 | Ossuary  | Entered an ossuary
  3660 | Ossuary  | Reached XP level 7. HP: 40/40 MP: 11/11
  4738 | D:5      | Entered Level 5 of the Dungeon
  4802 | D:5      | Reached skill level 6 in Maces & Flails
  4810 | D:5      | Reached skill level 5 in Shields
  4828 | D:5      | Killed from afar by a shadow imp

Illustrated notes

Levels and vault maps discovered:
D:1:      shiori_arrival_whats_in_store_for_you, layout_basic, st_stairs_12
D:2:      layout_basic, cheibriados_altar_1, nicolae_overflow_crystal_walls,
          vehumet_crystals, grunt_gozag_breadcrumbs
D:3:      layout_basic, zin_statuary, led_sif_pool
D:4:      layout_cave_pods, nicolae_overflow_hidden_temple, enter_ossuary_1,
          st_stairs_5, uniq_sigmund
D:5:      layout_rooms, first_ration, small_statue_intersection

Skill      XL: |  1  2  3  4  5  6  7 |
---------------+----------------------+-----
Maces & Flails | 3 4 5 6 |  6.0
Shields        | 1 3 4 5 |  5.0
Fighting       | |  2.3
Throwing       | |  1.5
Armour         | |  1.5
Dodging        | |  2.6
Spellcasting   | |  2.3
Translocations | |  2.4

Action                   |  1- 3 |  4- 6 |  7- 9 || total
-------------------------+-------+-------+-------++-------
Melee: Mace              |    58 |   158 |    71 ||   287
       Kick              |    11 |    50 |    20 ||    81
       Peck              |    11 |    26 |    13 ||    50
 Abil: Fly               |       |     1 |       ||     1
  Use: Potion            |       |     2 |     2 ||     4
       Scroll            |       |     6 |     7 ||    13
  Eat: Chunk             |     2 |     6 |     1 ||     9
       Ration            |       |       |     1 ||     1
Armor: Leather armour    |    13 |    37 |     6 ||    56
Dodge: Dodged            |    36 |    78 |    45 ||   159
Block: Buckler           |     4 |    48 |    17 ||    69
